 Dungeon Crawl Stone Soup version 0.29-a0-993-g4a18f31a58 (webtiles) character file.

Game seed: 6633395315458106455

22426 ytrimaz the Tortoise (level 13, -6/109 HPs)
             Began as a Formicid Fighter on Aug 3, 2022.
             Was a Follower of Ashenzari.
             Mangled by a vault guard
             ... wielding a +3 great sword
              (17 damage)
             ... on level 13 of the Dungeon.
             The game lasted 00:24:32 (14234 turns).

ytrimaz the Tortoise (Formicid Fighter)            Turns: 14234, Time: 00:24:33

Health: -6/109     AC: 25    Str: 30    XL:     13   Next: 27%
Magic:  12/12      EV:  8    Int:  8    God:    Ashenzari [*.....]
Gold:   892        SH: 13    Dex: 15    Spells: 12/12 levels left

rFire   . . .      SeeInvis +   k - +9 quick blade (flame)
rCold   . . .      Faith    .   c - +1 buckler of Cremastomancy {Range, Cun} (curse)
rNeg    . . .      Spirit   .   l - +0 plate armour
rPois   +          Reflect  +   (helmet unavailable)
rElec   .          Harm     .   M - +0 cloak
rCorr   .          Rampage  .   A - +0 pair of gloves
Will    +....                   j - +2 pair of boots of Supernal Gnosis {Melee, Self} (curse)
Stlth   ..........              p - amulet of reflection
HPRegen 0.28/turn               n - +6 ring of strength
MPRegen 0.13/turn               m - ring of poison resistance

@: no status effects
A: permanent stasis, dig shafts and tunnels, antennae 3, four strong arms,
deterioration 1, low MP 1, passive freeze, poison resistance
a: Dig, Shaft Self, Renounce Religion, Shatter the Chains


You were on level 13 of the Dungeon.
You worshipped Ashenzari.
Ashenzari was aware of your devotion.
You visited 2 branches of the dungeon, and saw 14 of its levels.

You collected 1596 gold pieces.
You spent 704 gold pieces at shops.

Inventory:

Hand Weapons
 a - a +0 war axe
 f - a +3 war axe of electrocution
 k - a +9 quick blade of flaming (weapon)
Missiles
 L - 3 throwing nets
Armour
 b - a +0 scale mail
 c - the cursed +1 buckler of Cremastomancy (worn) {Range, Cun}

   It has a curse which improves the following skills: Ranged Combat: Ranged
   Weapons and Throwing.
   Cunning:   Dodging and Stealth.
 j - the cursed +2 pair of boots of Supernal Gnosis (worn) {Melee, Self}
   (You found it on level 2 of the Dungeon)

   It has a curse which improves the following skills: Melee Combat: Short
   Blades, Long Blades, Axes, Maces & Flails, Polearms, Staves and Unarmed
   Combat.
   Introspection: Fighting and Spellcasting.
 l - a +0 plate armour (worn)
 A - a +0 pair of gloves (worn)
 G - +0 acid dragon scales
 M - a +0 cloak (worn)
Jewellery
 m - a ring of poison resistance (right hand)
 n - a +6 ring of strength (left hand)
 p - an amulet of reflection (around neck)
 v - the amulet of Elemental Vulnerability {rPois rF-- rC-- AC+8}
   (You took it off a gnoll on level 7 of the Dungeon)

   [amulet of nothing]

   AC:        It affects your AC (+8).
   rF:        It makes you very vulnerable to fire.
   rC:        It makes you very vulnerable to cold.
   rPois:     It protects you from poison.
 w - a ring of fire
Wands
 d - a wand of flame (43)
 r - a wand of polymorph (7)
 E - a wand of mindburst (10)
 O - a wand of digging (7)
Scrolls
 o - 2 scrolls of silence
 t - 3 scrolls of fog
 y - a scroll of acquirement
 z - 2 scrolls of amnesia
 F - 2 scrolls of fear
 H - 2 scrolls of enchant armour
 I - a scroll of brand weapon
 N - a scroll of magic mapping
Potions
 e - 2 potions of brilliance
 g - 6 potions of curing
 h - 3 potions of heal wounds
 q - 2 potions of lignification
 s - 3 potions of degeneration
 u - 2 potions of magic
 x - 2 potions of cancellation
 C - 2 potions of haste
 D - a potion of flight
 J - 2 potions of ambrosia
 K - a potion of attraction


   Skills:
 - Level 11.6(12.4) Fighting
 - Level 8.0(8.8) Short Blades
 - Level 3.0(3.7) Axes
 - Level 1.0(1.5) Ranged Weapons
 - Level 1.0(1.5) Throwing
 + Level 17.3 Armour
 + Level 12.5 Shields
 - Level 1.0 Summonings
 - Level 1.0 Necromancy
 - Level 0.9 Translocations
 - Level 1.1 Transmutations
 - Level 1.0 Fire Magic
 - Level 1.0 Ice Magic
 - Level 1.2 Air Magic
 + Level 1.1 Earth Magic
 - Level 1.3 Poison Magic
 - Level 1.1 Invocations
 - Level 1.2 Evocations


You had 12 spell levels left.
You didn't know any spells.
Your spell library contained the following spells:

 Spells                   Type           Power      Damage    Failure   Level
 Sting                    Tmut/Pois      8%         1d3       80%         1
 Call Imp                 Summ           1%         N/A       92%         2
 Sublimation of Blood     Necr           1%         N/A       92%         2
 Magic Dart               Conj           0%         1d3       93%         1
 Static Discharge         Conj/Air       1%         3-4/arc   95%         2
 Ensorcelled Hibernation  Hex/Ice        0%         N/A       96%         2
 Call Canine Familiar     Summ           1%         N/A       99%         3
 Frozen Ramparts          Ice            2%         1d8       99%         3
 Mephitic Cloud           Conj/Pois/Air  1%         N/A       99%         3
 Portal Projectile        Hex/Tloc       0%         N/A       99%         3
 Confusing Touch          Hex            0%         N/A       100%        3
 Dispel Undead            Necr           1%         3d6       100%        4
 Hailstorm                Conj/Ice       0%         3d3       100%        4
 Ice Form                 Ice/Tmut       1%         N/A       100%        4
 Leda's Liquefaction      Hex/Erth       0%         N/A       100%        4
 Petrify                  Tmut/Erth      1%         N/A       100%        4
 Sticky Flame             Conj/Fire      0%         2d3       100%        4
 Summon Ice Beast         Ice/Summ       1%         N/A       100%        4
 Summon Lightning Spire   Summ/Air       1%         N/A       100%        4
 Irradiate                Conj/Tmut      0%         3d11      100%        5
 Lee's Rapid Deconstruct  Erth           0%         3d5*      100%        5
 Lightning Bolt           Conj/Air       0%         1d11      100%        5
 Yara's Violent Unravell  Hex/Tmut       0%         3d3       100%        5
 Conjure Ball Lightning   Conj/Air       0%         3x3d6     100%        6
 Statue Form              Tmut/Erth      0%         N/A       100%        6
 Enfeeble                 Hex            0%         N/A       100%        7
 Storm Form               Tmut/Air       0%         N/A       100%        7
 Discord                  Hex            0%         N/A       100%        8
 Disjunction              Tloc           0%         N/A       100%        8
 Maxwell's Capacitive Co  Air            1%         ∞         100%        8


Dungeon Overview and Level Annotations

Branches:
Dungeon (13/15)            Temple (1/1) D:7            Lair (0/5) D:9
    Orc (0/2) D:11         Vaults (0/5) D:13

Altars:
Ashenzari
Cheibriados
Dithmenos
Elyvilon
Fedhas
Gozag
Hepliaklqana
Kikubaaqudgha
Makhleb
Nemelex Xobeh
Okawaru
Qazlal
Ru
Sif Muna
Trog
Uskayaw
Vehumet
Wu Jian
Xom
Yredelemnul
Zin
The Shining One

Shops:
D:1 (   D:10 *

Annotations:
D:6 3 runed translucent doors, MisterAzrael's ghost, novice MiFi
D:7 2 transporters, zeratav's ghost, novice OpVM


Innate Abilities, Weirdness & Mutations

You cannot be hasted, slowed, berserked, paralysed or teleported.
You can dig through walls and to a lower floor.
You have a pair of large antennae on your head. (SInv)
Your four strong arms can wield two-handed weapons with a shield.
Your body sometimes deteriorates upon taking damage.
Your magical capacity is low. (-10% MP)
A frigid envelope surrounds you and freezes all who hurt you.
Your system is resistant to poisons. (rPois)


Message History

You closely miss the vault guard.
Unknown command.
The ogre mage casts a spell.
The ogre mage flickers and vanishes for a moment.
You block the vault guard's attack.
Unknown command.
You block the vault guard's attack.
The vault guard hits you but does no damage.
There is an open door here.
Unknown command.
The vault guard hits you but does no damage.
The vault guard is very cold.
The vault guard is lightly wounded.
The vault guard completely misses you.
Unknown command.
You block the vault guard's attack.
Unknown command.
You block the vault guard's attack.
The vault guard hits you but does no damage.
The vault guard hits you with a +3 bardiche.
The vault guard is very cold.
The vault guard is lightly wounded.
The vault guard hits you from afar with a +0 halberd.
The vault guard hits you with a +3 bardiche!
* * * LOW HITPOINT WARNING * * *
The vault guard is very cold.
The vault guard is moderately wounded.
You block the ogre mage's attack.
Unknown command.
You hit the vault guard. You burn the vault guard.
The vault guard is lightly wounded.
Unknown command.
The ogre mage attacks as you move away!
The ogre mage hits you with a +0 halberd!
* * * LOW HITPOINT WARNING * * *
The ogre mage is very cold.
The ogre mage is lightly wounded.
The vault guard attacks as you move away!
The vault guard hits you with a +3 great sword!
You die...

#⌠.⌠#.......').....)..#####
.∩.'...#...'......##'#....
#..)....'.)............
#...#####~~~...........
#...# #≈≈≈~..........
#..p#####≈≈≈~..........
#...#p...≈≈≈~.##'##....
#...'Opp.≈≈≈~.....#.)..
#...#p@.#≈≈~......#####
#########≈~.#.....# ..#
#######...##'#####..#
#.........'.........#
#.........#.........#
#.........#.........#
#.........#.........#
#.........#.........#
#.........###(..##..


You could see 4 vault guards and an ogre mage (invisible).

Vanquished Creatures
  Jorgrun (D:12)
  Gastronok (D:10)
  Harold (D:11)
  2 boulder beetles (D:13)
  Erolcha (D:10)
  A two-headed ogre (D:8)
  A vault guard (D:13)
  A centaur warrior (D:13)
  2 tengu warriors (D:12)
  Pikel (D:6)
  A deep elf archer (D:13)
  An orc sorcerer (D:13)
  2 ugly things
  2 cyclopes
  An oklob plant (D:12)
  2 gargoyles
  2 unseen horrors
  2 komodo dragons (D:10)
  2 kobold demonologists
  4 trolls
  A raiju (shapeshifter) (D:13)
  6 slime creatures (D:13)
  A shadow (D:11)
  A water elemental (D:13)
  A wyvern (D:7)
  2 humans (D:13)
  3 wraiths
  A human (shapeshifter) (D:13)
  3 steam dragons
  A warg (D:11)
  2 acid dragons
  A water moccasin (D:9)
  A black bear (D:7)
  A sky beast (D:7)
  An ice beast (D:5)
  7 orc warriors
  7 centaurs (D:11)
  3 wolves (D:9)
  4 lemures (D:5)
  2 phantoms
  Blork the orc (D:5)
  3 bullfrogs
  6 kobold brigands
  2 necrophages
  3 gnoll sergeants
  A scorpion (D:5)
  4 wights (D:10)
  9 killer bees
  3 electric eels (D:9)
  5 howler monkeys (D:8)
  4 crimson imps (D:7)
  6 hounds
  2 jellies (D:6)
  7 orc priests
  A gnoll bouda (D:7)
  2 iguanas
  14 orc wizards
  Ijyb (D:5)
  15 gnolls
  12 adders
  A white imp (D:6)
  2 worms (D:2)
  A dart slug (D:3)
  40 orcs
  4 ball pythons
  10 bats
  7 endoplasms
  5 giant cockroaches
  6 goblins
  11 hobgoblins
  2 jackals (D:3)
  20 kobolds
  7 quokkas
  3 frilled lizards
  8 rats
308 creatures vanquished.

Vanquished Creatures (others)
  8 plants
8 creatures vanquished.

Grand Total: 316 creatures vanquished

Notes
Turn   | Place    | Note
-------+----------+-------------------------------------------
     0 | D:1      | ytrimaz the Formicid Fighter began the quest for the Orb.
     0 | D:1      | Reached XP level 1. HP: 18/18 MP: 1/1
   108 | D:1      | Found a faded altar of an unknown god.
   170 | D:1      | Reached XP level 2. HP: 20/24 MP: 2/2
   294 | D:1      | Found Rykli's Antique Weapon Emporium.
   615 | D:1      | Reached XP level 3. HP: 12/29 MP: 3/3
   808 | D:1      | Identified a scroll of acquirement
   808 | D:1      | Acquired 839 gold pieces
   845 | D:1      | Bought a glowing war axe for 104 gold pieces
   845 | D:1      | Bought a brightly glowing flail for 136 gold pieces
   845 | D:1      | Identified the +8 flail of Feigidd {vorpal, *Corrode Str+6}
                  | (You bought it in a shop on level 1 of the Dungeon)
   846 | D:1      | Bought a runed quick blade for 288 gold pieces
  1267 | D:2      | Reached XP level 4. HP: 35/37 MP: 4/4
  1464 | D:2      | Reached skill level 1 in Short Blades
  1982 | D:3      | Reached XP level 5. HP: 41/43 MP: 5/5
  2014 | D:3      | Found a sacrificial altar of Ru.
  2659 | D:5      | Entered Level 5 of the Dungeon
  2659 | D:5      | Noticed Blork the orc
  2665 | D:5      | Killed Blork the orc
  2666 | D:5      | Reached XP level 6. HP: 48/49 MP: 6/6
  2704 | D:5      | Found a hide-covered altar of Uskayaw.
  2705 | D:5      | Noticed Pikel
  2774 | D:5      | Noticed an ice beast
  2816 | D:5      | Killed an ice beast
  2817 | D:5      | Reached skill level 5 in Short Blades
  2817 | D:5      | Reached XP level 7. HP: 9/55 MP: 7/7
  3176 | D:5      | Noticed Ijyb
  3186 | D:5      | Killed Ijyb
  3257 | D:5      | Found an opulent altar of Gozag.
  3488 | D:5      | Found a snail-covered altar of Cheibriados.
  3998 | D:6      | Reached XP level 8. HP: 47/61 MP: 8/8
  4157 | D:6      | Found a runed translucent gate.
  4157 | D:6      | Noticed MisterAzrael's ghost (novice MiFi)
  4159 | D:6      | Found a runed translucent gate.
  4160 | D:6      | Found a runed translucent gate.
  4337 | D:6      | Killed Pikel
  4338 | D:6      | Reached skill level 1 in Ranged Weapons
  4338 | D:6      | Reached skill level 1 in Throwing
  4338 | D:6      | Reached skill level 1 in Summonings
  4338 | D:6      | Reached skill level 1 in Necromancy
  4338 | D:6      | Reached skill level 1 in Transmutations
  4338 | D:6      | Reached skill level 1 in Fire Magic
  4338 | D:6      | Reached skill level 1 in Ice Magic
  4338 | D:6      | Reached skill level 1 in Air Magic
  4338 | D:6      | Reached skill level 1 in Earth Magic
  4338 | D:6      | Reached skill level 1 in Poison Magic
  4338 | D:6      | Reached skill level 1 in Invocations
  4338 | D:6      | Reached skill level 1 in Evocations
  4407 | D:6      | Found a burning altar of Makhleb.
  4420 | D:6      | Reached XP level 9. HP: 16/66 MP: 9/9
  4436 | D:6      | Reached skill level 5 in Fighting
  4446 | D:6      | Reached skill level 4 in Armour
  4451 | D:6      | HP: 2/68 [orc wizard/puff of flame (11)]
  5125 | D:7      | Noticed zeratav's ghost (novice OpVM)
  5161 | D:7      | Found a transporter.
  5167 | D:7      | Found a transporter.
  5268 | D:7      | Reached skill level 5 in Armour
  5359 | D:7      | Found a glowing silver altar of Zin.
  5485 | D:7      | Reached skill level 6 in Armour
  5548 | D:7      | Found a staircase to the Ecumenical Temple.
  5571 | Temple   | Entered the Ecumenical Temple
  5828 | Temple   | Became a worshipper of Ashenzari the Shackled
  5983 | D:7      | Found a shimmering altar of Xom.
  6046 | D:7      | Found a white marble altar of Elyvilon.
  6263 | D:7      | Found a radiant altar of Vehumet.
  6408 | D:8      | Got the Spellbook of the Poisonous Snowflakes
  6451 | D:8      | Reached skill level 7 in Armour
  6451 | D:8      | Reached XP level 10. HP: 75/80 MP: 10/10
  6560 | D:8      | Noticed a two-headed ogre
  6574 | D:8      | Killed a two-headed ogre
  6575 | D:8      | Reached skill level 8 in Armour
  7237 | D:8      | Reached skill level 9 in Armour
  7460 | D:9      | Found a staircase to the Lair.
  7486 | D:9      | Reached skill level 10 in Armour
  7575 | D:9      | Reached skill level 11 in Armour
  8163 | D:9      | Reached XP level 11. HP: 90/90 MP: 11/11
  8617 | D:9      | Reached skill level 12 in Armour
  8855 | D:10     | Entered Level 10 of the Dungeon
  8912 | D:10     | Noticed Erolcha
  8929 | D:10     | Killed Erolcha
  8930 | D:10     | Reached skill level 10 in Fighting
  9053 | D:10     | Found an iron altar of Okawaru.
  9054 | D:10     | Noticed Gastronok
  9075 | D:10     | Killed Gastronok
  9582 | D:10     | Reached skill level 5 in Shields
  9817 | D:10     | Found Mumuffus's General Store.
  9827 | D:10     | Reached skill level 13 in Armour
  9830 | D:10     | Bought a potion of heal wounds for 80 gold pieces
  9830 | D:10     | Bought a scroll of identify for 32 gold pieces
  9830 | D:10     | Bought a scroll of fear for 64 gold pieces
 10255 | D:11     | Found a staircase to the Orcish Mines.
 10313 | D:11     | Noticed a purple ugly thing
 10329 | D:11     | Reached skill level 14 in Armour
 10331 | D:11     | Noticed Harold
 10365 | D:11     | Killed a purple ugly thing
 10374 | D:11     | Killed Harold
 10375 | D:11     | Reached XP level 12. HP: 89/102 MP: 12/12
 10394 | D:11     | Reached skill level 15 in Armour
 11195 | D:12     | Noticed a tengu warrior
 11663 | D:12     | Noticed a tengu warrior
 11680 | D:12     | Killed a tengu warrior
 11685 | D:12     | Killed a tengu warrior
 11941 | D:12     | Reached skill level 16 in Armour
 12199 | D:12     | Found a blossoming altar of Fedhas.
 12260 | D:12     | Reached skill level 10 in Shields
 12382 | D:12     | Noticed Jorgrun
 12405 | D:12     | Killed Jorgrun
 13224 | D:13     | Noticed a boulder beetle
 13288 | D:13     | Killed a boulder beetle
 13638 | D:13     | Reached XP level 13. HP: 103/108 MP: 13/13
 13818 | D:13     | Noticed a centaur warrior
 13827 | D:13     | Killed a centaur warrior
 13918 | D:13     | Noticed a vault guard
 13919 | D:13     | Noticed a boulder beetle
 13964 | D:13     | Killed a boulder beetle
 13965 | D:13     | Reached skill level 17 in Armour
 14141 | D:13     | Reached * piety under Ashenzari
 14157 | D:13     | Noticed a vault guard
 14187 | D:13     | Killed a vault guard
 14209 | D:13     | Noticed a vault guard
 14209 | D:13     | Noticed an ogre mage
 14212 | D:13     | Noticed a vault guard
 14217 | D:13     | Gained mutation: Your magical capacity is low. (-10% MP)
                  | [potion of mutation]
 14217 | D:13     | Gained mutation: Your system is resistant to poisons.
                  | (rPois) [potion of mutation]
 14217 | D:13     | Gained mutation: Your body sometimes deteriorates upon
                  | taking damage. [potion of mutation]
 14217 | D:13     | Gained mutation: A frigid envelope surrounds you and
                  | freezes all who hurt you. [potion of mutation]
 14220 | D:13     | Found a gate to the Vaults.
 14222 | D:13     | Noticed a vault guard
 14234 | D:13     | Mangled by a vault guard

Illustrated notes

Levels and vault maps discovered:
D:1:      lemuel_arrival_rhombus, layout_basic, serial_shops,
          nicolae_shop_behind_doors, chequers_ecumenical_altar_island
D:2:      layout_basic, kennysheep_potato
D:3:      layout_basic, mainiacjoe_overflow_boulevard, grunt_decor_one_mirror,
          minmay_misc_feat_alley, grunt_ministairs_15,
          dreamdust_mushroom_princess, hex_medium, roderic_batcave
D:4:      layout_rooms, kennysheep_generic_room_2
D:5:      layout_loops_ring, mainiacjoe_overflow_concentric_impassable,
          kennysheep_mini_moat, nicolae_gozag_seed_capital,
          kennysheep_flooded_box, uniq_ijyb, uniq_pikel, uniq_blork_the_orc
D:6:      layout_rooms, mainiacjoe_overflow_brackets, biasface_ghost_orc_armoury
D:7:      layout_basic, led_xom_imps, mainiacjoe_overflow_paths,
          nicolae_vehumet_altar_sigil, old_standard_altar,
          minmay_temple_entry_wispy, gammafunk_ghost_gnarly_gnolls
D:8:      layout_rooms, minivault_26, nicolae_fountain_basement
D:9:      layout_irregular_city, erik_lair_island,
          amcnicky_mini_rare_corridor_liquid
D:10:     layout_roguey, okawaru_ov_weapons_minmay, serial_shops, shop_statue,
          uniq_erolcha, uniq_gastronok
D:11:     layout_cave_pools, erik_orc_3, minmay_misc_feat_diagonals, uniq_harold
D:12:     layout_rooms, tgw_fedhas, uniq_jorgrun
D:13:     layout_gridville, grunt_vaults_entry_fortified, nrook_pool_corridor
Temple:   chequers_temple_sunken

Skill      XL: |  1  2  3  4  5  6  7  8  9 10 11 12 13 |
---------------+----------------------------------------+-----
Axes           | 3 |  3.0
Fighting       | 4 7 9 11 | 11.6
Short Blades   | 1 3 5 7 8 |  8.0
Ranged Weapons | 1 |  1.0
Throwing       | 1 |  1.0
Summonings     | 1 |  1.0
Necromancy     | 1 |  1.0
Transmutations | 1 |  1.1
Fire Magic     | 1 |  1.0
Ice Magic      | 1 |  1.0
Air Magic      | 1 |  1.2
Earth Magic    | 1 |  1.1
Poison Magic   | 1 |  1.3
Invocations    | 1 |  1.1
Evocations     | 1 |  1.2
Armour         | 7 11 14 16 17 | 17.3
Shields        | 7 11 12 | 12.5
Translocations | |  0.9

Action                   |  1- 3 |  4- 6 |  7- 9 | 10-12 | 13-15 || total
-------------------------+-------+-------+-------+-------+-------++-------
Melee: War axe           |    47 |       |       |       |       ||    47
       Quick blade       |    32 |   168 |   378 |   903 |   104 ||  1585
Invok: Curse Item        |       |       |       |     1 |     1 ||     2
 Abil: Dig               |       |       |       |     1 |       ||     1
Evoke: Wand              |       |       |       |     3 |       ||     3
  Use: Scroll            |     2 |     6 |     6 |    10 |     2 ||    26
       Potion            |       |     1 |     3 |     2 |     6 ||    12
 Stab: Invisible         |       |       |       |       |     2 ||     2
Armor: Scale mail        |    38 |    51 |     8 |       |       ||    97
       Plate armour      |       |       |    48 |   218 |    31 ||   297
Dodge: Dodged            |    42 |    47 |    37 |   114 |    18 ||   258
Block: Buckler           |    17 |    33 |    97 |   278 |    47 ||   472
       Reflection        |       |       |     1 |    15 |    16 ||    32

Table legend: (Time is in decaauts)
 A = Elapsed time spent in this place.
 B = Non-inter-level travel time spent in this place.
 C = Inter-level travel time spent in this place.
 D = Time resting spent in this place.
 E = Time spent auto-exploring this place.
 F = Levels seen in this place.
 G = Mean time per level.
                   A        B        C        D        E       F      G
               +--------+--------+--------+--------+--------+-----+--------+
         Total |  13318 |  12923 |    395 |    691 |   9688 |  14 |  951.3 |
       Dungeon |  13031 |  12646 |    385 |    691 |   9515 |  13 | 1002.4 |
        Temple |    286 |    276 |     10 |      0 |    172 |   1 |  286.0 |
               +--------+--------+--------+--------+--------+-----+--------+

Top non-repeatable levels by time:
    D:11: 1499 daAuts
     D:9: 1481 daAuts
     D:5: 1221 daAuts
    D:12: 1189 daAuts
    D:13: 1184 daAuts
     D:6: 1062 daAuts
    D:10: 1024 daAuts
     D:7: 987 daAuts
     D:1: 898 daAuts
     D:8: 745 daAuts
     D:2: 728 daAuts
     D:3: 613 daAuts
     D:4: 395 daAuts
  Temple: 286 daAuts
